 Dungeon Crawl Stone Soup version 0.30-a0-585-g93115170b9 (webtiles) character file.

Game seed: 6453267410446348659

37 themarg the Insei (level 3, 0/28 HPs)
             Began as a Gnoll Transmuter on Jan 2, 2023.
             Succumbed to Crazy Yiuf's poison
             ... on level 2 of the Dungeon.
             The game lasted 00:03:13 (1231 turns).

themarg the Insei (Gnoll Transmuter)                Turns: 1231, Time: 00:03:13

Health: 0/28       AC:  2    Str:  9    XL:     3   Next: 41%
Magic:  6/9        EV: 21    Int: 14    God:
Gold:   126        SH:  0    Dex: 17    Spells: 6/12 levels left

rFire   + . .      SeeInvis .      - Unarmed
rCold   + . .      Faith    .    (shield currently unavailable)
rNeg    . . .      Spirit   .    (body armour currently unavailable)
rPois   .          Reflect  .    (helmet currently unavailable)
rElec   +          Harm     .    (cloak currently unavailable)
rCorr   +          Rampage  .    (gloves currently unavailable)
Will    .....                    (boots currently unavailable)
Stlth   ++                       (no amulet)
HPRegen 0.24/turn                h - ring of wizardry
MPRegen 0.11/turn                (no ring)

@: brilliant, lethally poisoned (0 -> -7), spider-form, resistant
A: venomous fangs, tiny, (fangs 1), strong nose, distributed training
a: End Transformation


You were on level 2 of the Dungeon.
You were a venomous arachnid creature.
You visited 1 branch of the dungeon, and saw 2 of its levels.

You collected 126 gold pieces.

Inventory:

Hand Weapons
 e - a +0 short sword (melded)
Missiles
 c - 10 stones
 j - 2 datura-tipped darts
Armour
 a - a +0 robe (melded)
Jewellery
 h - a ring of wizardry (left front leg)
 i - a ring of poison resistance
Scrolls
 l - a scroll of immolation {unknown}
Potions
 b - 2 potions of lignification
 f - a potion of attraction {unknown}
 g - a potion of invisibility {unknown}
 k - a potion of curing {unknown}
 m - a potion of flight {unknown}


   Skills:
 + Level 2.6 Fighting
 + Level 0.8 Short Blades
 + Level 0.8 Long Blades
 + Level 0.8 Axes
 + Level 0.8 Maces & Flails
 + Level 0.8 Polearms
 + Level 0.8 Staves
 + Level 0.8 Ranged Weapons
 + Level 0.8 Throwing
 + Level 0.8 Armour
 + Level 4.5 Dodging
 + Level 0.8 Stealth
 + Level 0.8 Shields
 + Level 6.5 Unarmed Combat
 + Level 5.0 Spellcasting
 + Level 0.5 Conjurations
 + Level 0.5 Hexes
 + Level 0.5 Summonings
 + Level 0.5 Necromancy
 + Level 0.5 Translocations
 + Level 3.7 Transmutations
 + Level 0.5 Fire Magic
 + Level 0.5 Ice Magic
 + Level 0.5 Air Magic
 + Level 0.5 Earth Magic
 + Level 0.5 Poison Magic
 + Level 1.0 Invocations
 + Level 0.8 Evocations


You had 6 spell levels left.
You knew the following spells:

 Your Spells              Type           Power      Damage    Failure   Level
a - Beastly Appendage     Tmut           42%        N/A       4%          1
b - Wereblood             Tmut           21%        N/A       6%          2
c - Spider Form           Tmut/Pois      14%        N/A       19%         3

Your spell library contained the following spells:

 Spells                   Type           Power      Damage    Failure   Level
 Cigotuvi's Dreadful Rot  Necr/Pois/Air  14%        N/A       17%         2
 Poisonous Vapours        Pois/Air       14%        N/A       17%         2
 Call Canine Familiar     Summ           7%         N/A       30%         3
 Mephitic Cloud           Conj/Pois/Air  7%         N/A       30%         3
 Portal Projectile        Hex/Tloc       14%        N/A       30%         3
 Ice Form                 Ice/Tmut       14%        N/A       43%         4
 Leda's Liquefaction      Hex/Erth       3%         N/A       63%         4


Dungeon Overview and Level Annotations

Branches:
Dungeon (2/15)

Altars:

Annotations:
D:2 Crazy Yiuf, Sigmund


Innate Abilities, Weirdness & Mutations

You are a venomous arachnid creature.
You have poisonous fangs.
You are tiny and dextrous.
Your spellcasting is less reliable in this form.
Your armour is entirely melded.
You are incapable of wielding weapons or throwing items.
((You have very sharp teeth.))
Your uncanny sense of smell can sniff out nearby items.
Your experience applies equally to all skills.


Message History

The giant cockroach is almost dead.
The giant cockroach misses you.
You hit the giant cockroach but do no damage.
Your headbutt misses the giant cockroach.
The giant cockroach is almost dead.
The giant cockroach bites you but does no damage.
You barely miss the giant cockroach. You claw the giant cockroach.
You kill the giant cockroach!
Your transformation is almost over.
l - a scroll labelled OCVORI DUIMU
m - a silvery potion Your horns disappear.
Your talons disappear.
Found a hammer.
Found a runed translucent door.
The spell is quite dangerous to miscast (9% risk of failure)!
Continue anyway?
You turn into a venomous arachnid creature.
Your +0 short sword melds into your body.
Your +0 robe melds into your body.
You open the door.
Crazy Yiuf shouts!
There is an open translucent door here.
Crazy Yiuf hits you with a +4 quarterstaff of chaos!
You feel protected.
You hit Crazy Yiuf.
Crazy Yiuf is poisoned.
Crazy Yiuf is lightly wounded.
Crazy Yiuf hits you with a +4 quarterstaff of chaos.
You are poisoned.
You hit Crazy Yiuf.
Crazy Yiuf is heavily wounded.
You feel very sick.
You hit Crazy Yiuf.
Crazy Yiuf looks as sick as possible!
Crazy Yiuf is severely wounded.
You feel sick.
Crazy Yiuf glowers.
Crazy Yiuf hits you with a +4 quarterstaff of chaos.
* * * LOW HITPOINT WARNING * * *
Crazy Yiuf freezes you.
* * * LOW HITPOINT WARNING * * *
It was a potion of brilliance.
You feel clever all of a sudden.
You die...

###### .....#
.....##### #####
.........## ###..)#
..........####.'sg.#
...........#..##...#
###
..........#.########
... .....######## ∆
.. ......# ..
####### #. # #. #
#.#### #. # #....#
##<


You could see Crazy Yiuf (extremely poisoned).

Vanquished Creatures
  An adder (D:2)
  3 ball pythons
  2 bats (D:1)
  2 endoplasms
  4 giant cockroaches
  3 hobgoblins
  2 quokkas (D:1)
  A frilled lizard (D:2)
  2 goblins
  3 kobolds (D:1)
  3 rats (D:1)
  A spectral goblin (D:1)
27 creatures vanquished.

Notes
Turn   | Place    | Note
-------+----------+-------------------------------------------
     0 | D:1      | themarg the Gnoll Transmuter began the quest for the Orb.
     0 | D:1      | Reached XP level 1. HP: 17/17 MP: 6/6
   149 | D:1      | Reached XP level 2. HP: 16/23 MP: 7/7
   152 | D:1      | Learned a level 2 spell: Wereblood
   441 | D:1      | Found a faded altar of an unknown god.
   935 | D:2      | Noticed Sigmund
  1072 | D:2      | Reached skill level 5 in Spellcasting
  1072 | D:2      | Reached XP level 3. HP: 28/28 MP: 6/9
  1080 | D:2      | Reached skill level 1 in Invocations
  1084 | D:2      | Learned a level 3 spell: Spider Form
  1220 | D:2      | Found a runed translucent door.
  1221 | D:2      | Noticed Crazy Yiuf
  1231 | D:2      | Succumbed to Crazy Yiuf's poison

Illustrated notes

Levels and vault maps discovered:
D:1:      lordsloth_arrival_two_stooges, layout_basic,
          dreamdust_ecumenical_altar_drowned_temple, nrook_mini_backslash
D:2:      layout_basic, minmay_tiny_reverse_x, uniq_sigmund,
          uniq_crazy_yiuf_cottage

Skill      XL: |  1  2  3 |
---------------+----------+-----
Spellcasting   | 5 |  5.0
Invocations    | 1 |  1.0
Fighting       | |  2.6
Short Blades   | |  0.8
Long Blades    | |  0.8
Axes           | |  0.8
Maces & Flails | |  0.8
Polearms       | |  0.8
Staves         | |  0.8
Ranged Weapons | |  0.8
Throwing       | |  0.8
Armour         | |  0.8
Dodging        | |  4.5
Stealth        | |  0.8
Shields        | |  0.8
Unarmed Combat | |  6.5
Conjurations   | |  0.5
Hexes          | |  0.5
Summonings     | |  0.5
Necromancy     | |  0.5
Translocations | |  0.5
Transmutations | |  3.7
Fire Magic     | |  0.5
Ice Magic      | |  0.5
Air Magic      | |  0.5
Earth Magic    | |  0.5
Poison Magic   | |  0.5
Evocations     | |  0.8

Action                   || total
-------------------------++-------
Melee: Unarmed           ||     8
       Short sword       ||    64
       Kick              ||    19
       Dagger            ||     2
       Headbutt          ||     9
       Bite              ||     4
       Punch             ||     1
 Cast: Beastly Appendage ||    19
       Spider Form       ||     1
  Use: Potion            ||     1
 Stab: Sleeping          ||     1
Armor: Robe              ||    13
Dodge: Dodged            ||    62

Table legend: (Time is in decaauts)
 A = Elapsed time spent in this place.
 B = Non-inter-level travel time spent in this place.
 C = Inter-level travel time spent in this place.
 D = Time resting spent in this place.
 E = Time spent auto-exploring this place.
 F = Levels seen in this place.
 G = Mean time per level.
                   A        B        C        D        E       F      G
               +--------+--------+--------+--------+--------+-----+--------+
         Total |   1229 |   1166 |     63 |      0 |    913 |   2 |  614.5 |
       Dungeon |   1229 |   1166 |     63 |      0 |    913 |   2 |  614.5 |
               +--------+--------+--------+--------+--------+-----+--------+

Top non-repeatable levels by time:
     D:1: 960 daAuts
     D:2: 269 daAuts
